General information
- name: BNet
- type: Ladder team game (AT/RT)
- host: Battle.net
- saver: sc2no.wc4yes
map: Deadlock
- players: 8
- length: 23:04
- speed: Fast
- version: 1.26 W3XP
- replay type: Public
» download(168 KB)
Players
team 1 (winner)
Liko (
green | 81 APM | 1872 actions | 23:04)
5 Death Knight
2 Death Coil
3 Unholy Aura
4 Dark Ranger
2 Silence
2 Life Drain
3 Pit Lord
2 Howl of Terror
1 Cleaving Attack
» actions
| Assign group hotkey | 50 | |
| Basic commands | 208 | |
| Build / train | 97 | |
| ESC pressed | 6 | |
| Enter build submenu | 22 | |
| Enter hero's abilities submenu | 12 | |
| Give item / drop item | 4 | |
| Right click | 391 | |
| Select / deselect | 355 | |
| Select group hotkey | 635 | |
| Use ability | 92 | |
1872 total
» units
| Acolyte | 8 | |
| Ghoul | 3 | |
| Crypt Fiend | 18 | |
| Frost Wyrm | 7 | |
36 total
» upgrades
| Web | 1 | |
| Creature Carapace | 3 | |
| Freezing Breath | 1 | |
5 total
» buildings
| Graveyard | 1 | |
| Crypt | 1 | |
| Altar of Darkness | 1 | |
| Ziggurat | 6 | |
| Tomb of Relics | 1 | |
| Halls of the Dead | 2 | |
| Necropolis | 1 | |
| Black Citadel | 1 | |
| Sacrificial Pit | 1 | |
| Boneyard | 3 | |
| Nerubian Tower | 1 | |
19 total
» build order
00:12 Graveyard
00:16 Crypt
00:48 Altar of Darkness
01:10 Ziggurat
01:57 Tomb of Relics
02:25 Ziggurat
04:01 Halls of the Dead
04:02 Halls of the Dead
04:18 Necropolis
05:50 Ziggurat
06:25 Black Citadel
07:28 Sacrificial Pit
08:15 Ziggurat
09:00 Boneyard
09:02 Boneyard
09:12 Boneyard
11:13 Ziggurat
11:45 Ziggurat
20:40 Nerubian Tower
» items
| Rod of Necromancy | 2 | |
| Sacrificial Skull | 4 | |
| Boots of Speed | 1 | |
| Scroll of Town Portal | 3 | |
| Potion of Lesser Invulnerability | 5 | |
| Scroll of Protection | 4 | |
| Periapt of Vitality | 1 | |
| Scroll of Healing | 6 | |
| Potion of Healing | 4 | |
| Orb of Corruption | 1 | |
| Potion of Mana | 1 | |
32 total
Improve (
purple | 61 APM | 1418 actions | 23:04)
5 Death Knight
3 Death Coil
2 Unholy Aura
3 Lich
2 Frost Nova
1 Dark Ritual
» actions
| Assign group hotkey | 24 | |
| Basic commands | 134 | |
| Build / train | 54 | |
| Enter build submenu | 19 | |
| Enter hero's abilities submenu | 8 | |
| Give item / drop item | 2 | |
| Remove unit from queue | 1 | |
| Right click | 544 | |
| Select / deselect | 289 | |
| Select group hotkey | 282 | |
| Use ability | 61 | |
1418 total
» units
| Acolyte | 8 | |
| Ghoul | 3 | |
| Crypt Fiend | 8 | |
| Frost Wyrm | 6 | |
| Raider | 1 | |
| Shaman | 1 | |
| Tauren | 2 | |
29 total
» upgrades
» buildings
| Graveyard | 1 | |
| Crypt | 1 | |
| Altar of Darkness | 1 | |
| Ziggurat | 7 | |
| Tomb of Relics | 2 | |
| Spirit Tower | 0 | |
| Nerubian Tower | 1 | |
| Halls of the Dead | 2 | |
| Black Citadel | 3 | |
| Sacrificial Pit | 1 | |
| Boneyard | 2 | |
21 total
» build order
00:06 Graveyard
00:09 Crypt
00:41 Altar of Darkness
00:57 Ziggurat
01:24 Tomb of Relics
01:40 Ziggurat
02:30 Spirit Tower
02:53 Nerubian Tower
04:17 Halls of the Dead
04:42 Ziggurat
05:06 Ziggurat
05:17 Tomb of Relics
06:38 Black Citadel
06:39 Black Citadel
06:45 Sacrificial Pit
07:43 Ziggurat
09:00 Boneyard
09:10 Boneyard
11:02 Ziggurat
11:56 Ziggurat
» items
| Rod of Necromancy | 2 | |
| Scroll of Town Portal | 1 | |
| Orb of Corruption | 1 | |
4 total

»
Abreu_ (
teal | 78 APM | 1636 actions | 20:55)
4 Blademaster
2 Wind Walk
2 Critical Strike
3 Shadow Hunter
1 Hex
2 Healing Wave
» actions
| Assign group hotkey | 33 | |
| Basic commands | 8 | |
| Build / train | 77 | |
| Enter build submenu | 23 | |
| Enter hero's abilities submenu | 7 | |
| Remove unit from queue | 1 | |
| Right click | 808 | |
| Select / deselect | 261 | |
| Select group hotkey | 291 | |
| Use ability | 127 | |
1636 total
» units
| Peon | 13 | |
| Grunt | 3 | |
| Raider | 9 | |
| Spirit Walker | 7 | |
| Tauren | 2 | |
| Shaman | 2 | |
36 total
» upgrades
| Ensnare | 1 | |
| Spirit Walker Training | 2 | |
| Armor | 3 | |
| Reinforced Defenses | 1 | |
| Melee Weapons | 1 | |
| Pulverize | 1 | |
| Shaman Training | 2 | |
11 total
» buildings
| Altar of Storms | 1 | |
| Orc Burrow | 6 | |
| War Mill | 1 | |
| Voodoo Lounge | 1 | |
| Barracks | 1 | |
| Watch Tower | 6 | |
| Stronghold | 3 | |
| Beastiary | 1 | |
| Spirit Lodge | 1 | |
| Fortress | 2 | |
| Great Hall | 1 | |
| Tauren Totem | 1 | |
25 total
» build order
00:07 Altar of Storms
00:22 Orc Burrow
00:39 War Mill
01:15 Voodoo Lounge
01:52 Barracks
02:13 Watch Tower
02:37 Orc Burrow
03:15 Watch Tower
03:54 Orc Burrow
04:21 Stronghold
04:22 Stronghold
06:47 Beastiary
06:51 Spirit Lodge
06:58 Orc Burrow
07:06 Fortress
07:06 Fortress
08:26 Orc Burrow
12:22 Watch Tower
12:25 Watch Tower
13:54 Watch Tower
14:26 Great Hall
14:41 Watch Tower
17:09 Tauren Totem
19:28 Orc Burrow
» items
| Healing Salve | 4 | |
| Lesser Clarity Potion | 1 | |
| Scroll of Healing | 2 | |
| Orb of Lightning | 1 | |
| Scroll of Speed | 1 | |
| Scroll of Town Portal | 1 | |
10 total

»
Novatec (
blue | 0 APM | 1 actions | 06:09)
team 2 (loser)
Cole.The.Solo (
yellow | 48 APM | 1106 actions | 23:04)
2 Death Knight
1 Death Coil
1 Unholy Aura
1 Lich
1 Frost Nova
» actions
| Assign group hotkey | 4 | |
| Basic commands | 7 | |
| Build / train | 54 | |
| Enter build submenu | 22 | |
| Enter hero's abilities submenu | 3 | |
| Right click | 605 | |
| Select / deselect | 347 | |
| Select group hotkey | 1 | |
| Use ability | 63 | |
1106 total
» units
| Acolyte | 12 | |
| Ghoul | 4 | |
| Crypt Fiend | 5 | |
| Frost Wyrm | 7 | |
28 total
» upgrades
| Creature Attack | 2 | |
| Web | 1 | |
| Creature Carapace | 1 | |
4 total
» buildings
| Crypt | 1 | |
| Graveyard | 1 | |
| Ziggurat | 12 | |
| Altar of Darkness | 1 | |
| Tomb of Relics | 1 | |
| Nerubian Tower | 2 | |
| Halls of the Dead | 1 | |
| Spirit Tower | 2 | |
| Black Citadel | 1 | |
| Sacrificial Pit | 1 | |
| Boneyard | 3 | |
26 total
» build order
00:10 Crypt
00:13 Graveyard
00:38 Ziggurat
00:58 Altar of Darkness
01:45 Ziggurat
02:07 Tomb of Relics
02:54 Nerubian Tower
05:12 Halls of the Dead
05:40 Ziggurat
06:03 Ziggurat
06:05 Ziggurat
06:38 Ziggurat
06:40 Ziggurat
07:06 Nerubian Tower
07:07 Spirit Tower
07:34 Spirit Tower
08:17 Black Citadel
08:57 Sacrificial Pit
11:02 Boneyard
11:06 Boneyard
11:09 Boneyard
11:50 Ziggurat
12:59 Ziggurat
13:01 Ziggurat
13:03 Ziggurat
13:05 Ziggurat
» items
| Rod of Necromancy | 2 | |
| Periapt of Vitality | 1 | |
| Scroll of Town Portal | 4 | |
| Potion of Healing | 2 | |
| Orb of Corruption | 2 | |
11 total
55699 (
red | 79 APM | 1775 actions | 22:33)
3 Mountain King
2 Storm Bolt
1 Bash
1 Paladin
1 Holy Light
» actions
| Assign group hotkey | 23 | |
| Basic commands | 140 | |
| Build / train | 67 | |
| Enter build submenu | 24 | |
| Enter hero's abilities submenu | 4 | |
| Give item / drop item | 1 | |
| Right click | 358 | |
| Select / deselect | 338 | |
| Select group hotkey | 747 | |
| Use ability | 73 | |
1775 total
» units
| Peasant | 21 | |
| Rifleman | 11 | |
| Mortar Team | 5 | |
| Flying Machine | 2 | |
| Siege Engine | 3 | |
| Knight | 3 | |
45 total
» upgrades
| Gunpowder | 1 | |
| Long Rifles | 1 | |
| Lumber Harvesting | 1 | |
| Flare | 1 | |
| Fragmentation Shards | 1 | |
| Barrage | 1 | |
6 total
» buildings
| Farm | 12 | |
| Altar of Kings | 2 | |
| Barracks | 1 | |
| Blacksmith | 1 | |
| Lumber Mill | 1 | |
| Arcane Vault | 2 | |
| Scout Tower | 2 | |
| Arcane Tower | 1 | |
| Guard Tower | 1 | |
| Keep | 1 | |
| Town Hall | 1 | |
| Workshop | 2 | |
| Castle | 1 | |
28 total
» build order
00:10 Farm
00:11 Altar of Kings
01:04 Barracks
01:21 Blacksmith
01:29 Farm
01:56 Farm
02:15 Lumber Mill
02:43 Farm
03:22 Farm
04:06 Arcane Vault
04:24 Scout Tower
04:26 Scout Tower
04:54 Arcane Tower
05:09 Guard Tower
06:14 Keep
06:33 Town Hall
07:33 Arcane Vault
07:58 Farm
08:09 Farm
08:44 Workshop
08:48 Workshop
10:17 Farm
11:14 Farm
11:58 Castle
14:24 Farm
15:03 Farm
16:27 Farm
19:49 Altar of Kings
» items
| Scroll of Regeneration | 1 | |
| Potion of Mana | 1 | |
| Potion of Healing | 1 | |
| Boots of Speed | 1 | |
| Lesser Clarity Potion | 1 | |
5 total

»
goddude (
pink | 76 APM | 1718 actions | 22:41)
4 Death Knight
2 Death Coil
2 Unholy Aura
2 Lich
1 Frost Nova
1 Frost Armor
» actions
| Assign group hotkey | 20 | |
| Basic commands | 235 | |
| Build / train | 77 | |
| ESC pressed | 4 | |
| Enter build submenu | 21 | |
| Enter hero's abilities submenu | 6 | |
| Give item / drop item | 4 | |
| Right click | 604 | |
| Select / deselect | 383 | |
| Select group hotkey | 269 | |
| Use ability | 95 | |
1718 total
» units
| Acolyte | 10 | |
| Ghoul | 6 | |
| Crypt Fiend | 3 | |
| Frost Wyrm | 12 | |
31 total
» upgrades
| Creature Carapace | 2 | |
| Web | 1 | |
| Creature Attack | 3 | |
| Freezing Breath | 1 | |
7 total
» buildings
| Ziggurat | 9 | |
| Altar of Darkness | 1 | |
| Crypt | 1 | |
| Graveyard | 1 | |
| Tomb of Relics | 1 | |
| Nerubian Tower | 1 | |
| Halls of the Dead | 1 | |
| Black Citadel | 1 | |
| Sacrificial Pit | 1 | |
| Boneyard | 2 | |
| Spirit Tower | 3 | |
22 total
» build order
00:08 Ziggurat
00:10 Altar of Darkness
00:33 Crypt
00:58 Graveyard
01:11 Tomb of Relics
01:49 Nerubian Tower
02:13 Ziggurat
03:14 Halls of the Dead
04:44 Ziggurat
05:50 Black Citadel
06:06 Sacrificial Pit
06:53 Ziggurat
08:16 Boneyard
08:22 Boneyard
09:24 Spirit Tower
11:43 Ziggurat
12:25 Ziggurat
12:59 Ziggurat
13:01 Spirit Tower
13:50 Ziggurat
14:22 Spirit Tower
14:26 Ziggurat
» items
| Rod of Necromancy | 2 | |
| Dust of Appearance | 2 | |
| Orb of Corruption | 5 | |
| Sacrificial Skull | 1 | |
| Scroll of Town Portal | 4 | |
| Lesser Clarity Potion | 7 | |
| Orb of Fire | 1 | |
| Potion of Mana | 1 | |
| Potion of Healing | 1 | |
| Orb of Lightning | 1 | |
25 total

»
sc2no.wc4yes (
orange | 56 APM | 1284 actions | 23:04)
6 Blademaster
3 Wind Walk
3 Critical Strike
» actions
| Assign group hotkey | 30 | |
| Basic commands | 63 | |
| Build / train | 54 | |
| ESC pressed | 2 | |
| Enter build submenu | 45 | |
| Enter hero's abilities submenu | 6 | |
| Give item / drop item | 9 | |
| Right click | 611 | |
| Select / deselect | 95 | |
| Select group hotkey | 253 | |
| Use ability | 116 | |
1284 total
» units
» upgrades
| Spiked Barricades | 2 | |
| Reinforced Defenses | 1 | |
3 total
» buildings
| Altar of Storms | 1 | |
| Orc Burrow | 2 | |
| War Mill | 1 | |
| Voodoo Lounge | 2 | |
| Watch Tower | 39 | |
| Stronghold | 3 | |
| Fortress | 1 | |
49 total
» build order
00:11 Altar of Storms
00:15 Orc Burrow
00:52 War Mill
01:03 Voodoo Lounge
02:08 Watch Tower
02:42 Watch Tower
02:45 Watch Tower
03:07 Watch Tower
03:27 Watch Tower
03:42 Watch Tower
03:47 Watch Tower
03:58 Orc Burrow
04:15 Watch Tower
04:45 Watch Tower
05:16 Watch Tower
05:45 Watch Tower
05:46 Watch Tower
05:50 Watch Tower
06:38 Stronghold
06:38 Stronghold
06:38 Stronghold
06:41 Watch Tower
06:44 Watch Tower
09:00 Fortress
09:06 Watch Tower
09:06 Watch Tower
09:07 Watch Tower
09:08 Watch Tower
09:13 Watch Tower
09:13 Watch Tower
10:51 Watch Tower
10:51 Watch Tower
10:52 Watch Tower
10:52 Watch Tower
10:53 Watch Tower
10:53 Watch Tower
10:53 Watch Tower
12:40 Watch Tower
12:41 Watch Tower
12:41 Watch Tower
12:41 Watch Tower
12:42 Watch Tower
12:42 Watch Tower
12:43 Watch Tower
19:05 Voodoo Lounge
19:08 Watch Tower
19:08 Watch Tower
19:09 Watch Tower
» items
| Lesser Clarity Potion | 4 | |
| Healing Salve | 2 | |
| Circlet of Nobility | 4 | |
| Boots of Speed | 2 | |
| Orb of Lightning | 2 | |
| Potion of Healing | 1 | |
| Potion of Mana | 2 | |
17 total
Chat log
(00:31 / All) sc2no.wc4yes: RAPED
(00:34 / All) Improve: ?
(00:35 / All) Improve: lol
(00:36 / Allies) 55699: rifle motar
(00:43 / Allies) 55699: tank
(00:56 / All) sc2no.wc4yes: RAPED
(01:08 / All) sc2no.wc4yes: OWNED
(01:13 / All) sc2no.wc4yes: RAPED
(01:17 / All) Improve: Shh
(01:18 / All) Improve: LOl
(01:23 / All) sc2no.wc4yes: ill tell u what
(01:26 / All) sc2no.wc4yes: ill stay out of this game
(01:28 / All) sc2no.wc4yes: so its 3v3
(01:29 / All) Improve: LOL
(01:32 / All) sc2no.wc4yes: ill only mass towers and creep
(01:35 / All) sc2no.wc4yes: wont attack any of u
(02:29 / All) sc2no.wc4yes: i wont attack teal green or purp at all this game
(02:47 / All) Improve: ^^
(04:31 / All) Liko: don't scout for them
(04:34 / All) sc2no.wc4yes: ok
(04:35 / All) Liko: that would be gay
(06:15 / All) sc2no.wc4yes: that fag was here all along
(06:24 / All) sc2no.wc4yes: well now its 3v3
(06:28 / All) sc2no.wc4yes: i only attack creeps
(09:20 / Allies) sc2no.wc4yes: yikes
(09:29 / Allies) Cole.The.Solo: omw
(11:39 / Allies) Cole.The.Solo: working on frostys.
(11:52 / Allies) sc2no.wc4yes: so are they
(12:08 / Allies) Cole.The.Solo: who are you friend with on their team?
(12:12 / Allies) sc2no.wc4yes: none
(12:16 / Allies) sc2no.wc4yes: ive played with liko a few times
(12:19 / Allies) sc2no.wc4yes: but this was just a random idea
(12:25 / Allies) Cole.The.Solo: then how did you know he was afk?
(12:29 / Allies) sc2no.wc4yes: maphack
(14:06 / All) Liko: wtf
(14:11 / All) Liko: oh
(14:52 / Allies) Cole.The.Solo: kind of feel like unsummoning my stuff.
(15:07 / Allies) sc2no.wc4yes: u guys just need about 36 gyros
(15:08 / Allies) Cole.The.Solo: maybe ill do that
(15:11 / Allies) Cole.The.Solo: and just quit
(15:13 / Allies) sc2no.wc4yes: why
(15:16 / Allies) sc2no.wc4yes: cant handle a 3v3?
(15:21 / Allies) Cole.The.Solo: i just dont like you
(15:24 / Allies) sc2no.wc4yes: lol
(15:26 / Allies) Cole.The.Solo: and dont want you piggybacking off me
(15:38 / Allies) sc2no.wc4yes: if the win mattered at all to me id mass bats
(15:43 / All) Liko: wtf
(19:25 / Allies) Cole.The.Solo: just mindlessly sending in frostys.
(19:26 / Allies) Cole.The.Solo: genius.
(19:56 / Allies) Cole.The.Solo: STOP SUCIIDNG FROSTYS
(20:30 / Allies) Cole.The.Solo: see it only takes
(20:40 / Allies) Cole.The.Solo: five minutes to know whether the game will be a win or loss
(20:55 / All) Liko: ty
(20:59 / All) Cole.The.Solo: oh gay.
(21:24 / All) sc2no.wc4yes: lol
(21:57 / All) sc2no.wc4yes: well now that my team lost i dont feel guilty using my bm
(22:06 / All) Improve: LOL
(22:29 / All) sc2no.wc4yes: his dk is still level 2
(22:39 / All) Improve: awful
(22:46 / All) sc2no.wc4yes: somehow hes 48-25 rt
(22:52 / All) sc2no.wc4yes: i guess if you just dk fiend every game you get stats that good
(22:54 / All) sc2no.wc4yes: hes 3-3 solo
(22:58 / All) Improve: LOL XD
(23:03 / All) sc2no.wc4yes: well gg